 Dungeon Crawl Stone Soup version 0.27.1-1-g398f81649c (webtiles) character file.

Game seed: 6303662275999423962

58 greenlake the Skirmisher (level 3, -1/30 HPs)
             Began as a Demonspawn Fighter on Sept 14, 2021.
             Slain by a gnoll (3 damage)
             ... on level 2 of the Dungeon.
             The game lasted 00:02:48 (1612 turns).

greenlake the Skirmisher (Demonspawn Fighter)       Turns: 1612, Time: 00:02:49

Health: -1/30      AC:  6    Str: 17    XL:     3   Next: 76%
Magic:  3/3        EV:  9    Int:  9    God:
Gold:   66         SH:  0    Dex: 12    Spells: 2/2 levels left

rFire    . . .     SeeInvis .   a - +0 war axe
rCold    . . .     Faith    .   (no shield)
rNeg     . . .     Spirit   .   b - +0 scale mail
rPois    .         Reflect  .   (no helmet)
rElec    .         Harm     .   (no cloak)
rCorr    .         Rampage  .   (no gloves)
Will     .....                  (no boots)
Stlth    ..........             (no amulet)
HPRegen  0.10/turn              (no ring)
MPRegen  0.08/turn              (no ring)

@: no status effects
A: demonic guardian 1
a: no special abilities


You were on level 2 of the Dungeon.
You visited 1 branch of the dungeon, and saw 2 of its levels.

You collected 66 gold pieces.

Inventory:

Hand Weapons
 a - a +0 war axe (weapon)
Missiles
 l - 5 javelins (quivered)
Armour
 b - a +0 scale mail (worn)
 c - a +0 kite shield
Scrolls
 e - a scroll of noise {unknown}
 g - a scroll of immolation {unknown}
 h - a scroll of identify {unknown}
 j - a scroll of teleportation {unknown}
Potions
 d - a potion of might
 f - a potion of curing {unknown}
 i - a potion of heal wounds {unknown}
 k - a potion of lignification {unknown}


   Skills:
 + Level 4.0 Fighting
 - Level 1.7 Axes
 + Level 3.5 Armour
 - Level 2.6 Shields


You had 2 spell levels left.
You didn't know any spells.
Your spell library was empty.

Dungeon Overview and Level Annotations

Branches:
Dungeon (2/15)

Altars:


Innate Abilities, Weirdness & Mutations

A weak demonic guardian rushes to your aid.


Message History

A gnoll comes into view. It is wielding a +0 spear.
The rat barely misses you.
You barely miss the rat. The rat barely misses you.
You hit the rat.
The rat is severely wounded.
The rat barely misses you. The gnoll hits you but does no damage.
The rat closely misses you.
You barely miss the rat.
The rat is severely wounded.
The rat bites you but does no damage.
You barely miss the rat.
The rat is severely wounded.
The rat bites you but does no damage. The rat bites you.
You slash the rat!
You kill the rat!
The gnoll hits you with a +0 war axe.
You slash the gnoll!
You kill the gnoll!
The gnoll hits you from afar with a +0 spear.
Your Fighting skill increases to level 4!
The gnoll hits you but does no damage.
Things that are here:
a +0 war axe; an emerald potion; a gnoll corpse You hit the gnoll.
The gnoll is moderately wounded.
The gnoll completely misses you.
You barely miss the gnoll.
The gnoll is moderately wounded.
The gnoll barely misses you.
You hit the gnoll but do no damage.
The gnoll is lightly wounded.
The gnoll hits you with a +0 spear.
* * * LOW HITPOINT WARNING * * *
The gnoll hits you with a +0 spear.
* * * LOW HITPOINT WARNING * * *
A demonic guardian appears!
You hit the gnoll.
The gnoll is moderately wounded.
The gnoll hits you with a +0 spear.
You die...

#...........##
#.............
######.....)......#
#.................# #
#.####....†.......# .#
#.# ##.##...###..#
####.. #.#
#.###.......# #... ..
#.# #.#
#.#####5###.###..# #.#
#.###....@g.†.)......#
#.#
#.##...####.###.###..#
##.#
#....#......##.g.......
#..#
####...##.####..###....
#.## ##..##.# #..# ##
#.# ##.##.# #..# #.#
#.##.. .... #.# #.####
#... #.# #.# #..(


You could see a gnoll (ally target) and a friendly shadow imp (summoned).

Vanquished Creatures
  2 gnolls (D:2)
  2 dart slugs
  6 bats
  4 endoplasms
  4 giant cockroaches
  A hobgoblin (D:2)
  2 kobolds (D:1)
  3 quokkas (D:1)
  3 ball pythons (D:1)
  2 frilled lizards
  5 rats
34 creatures vanquished.

Vanquished Creatures (collateral kills)
  A rat (D:1)
1 creature vanquished.

Vanquished Creatures (others)
  5 plants
5 creatures vanquished.

Grand Total: 40 creatures vanquished

Notes
Turn   | Place    | Note
-------+----------+-------------------------------------------
     0 | D:1      | greenlake the Demonspawn Fighter began the quest for the
                  | Orb.
     0 | D:1      | Reached XP level 1. HP: 18/18 MP: 1/1
   293 | D:1      | Found a faded altar of an unknown god.
   349 | D:1      | Gained mutation: A weak demonic guardian rushes to your
                  | aid. [demonic ancestry]
   349 | D:1      | Reached XP level 2. HP: 24/24 MP: 2/2
  1248 | D:2      | Reached XP level 3. HP: 28/29 MP: 3/3
  1608 | D:2      | Reached skill level 4 in Fighting
  1612 | D:2      | Slain by a gnoll

Illustrated notes

Levels and vault maps discovered:
D:1:      dpeg_arrival_leaves_temple_mockup, layout_loops_ring,
          shapermc_ecumenical_altar_ellora
D:2:      layout_loops_ring, basic_altar, serial_bayou_pond_a

Skill      XL: |  1  2  3 |
---------------+----------+-----
Armour         | 3 |  3.5
Fighting       | 4 |  4.0
Axes           | |  1.7
Shields        | |  2.6

Action                   || total
-------------------------++-------
Melee: War axe           ||    85
Armor: Scale mail        ||    45
Dodge: Dodged            ||    47
